[Event "Titled Tuesday Blitz June 28 Late 2022"]
[White "Khan, Taffin"]
[Black "Zhu, Jiner"]
[WhiteFideId "19700024"]
[BlackFideId "8608059"]
[WhiteElo "1966"]
[BlackElo "2281"]
[Result "0-1"]
[Round "02"]
[TimeControl "180+1"]
[Date "2022.06.29"]
[WhiteClock "0:00:03"]
[BlackClock "0:00:07"]

1. e4 e5 2. Bc4 c6 3. d3 d5 4. Bb3 Nf6 5. Nd2 Bd6 6. Ngf3 O-O 7. O-O Re8 8. c3 Be6 9. Re1 Nbd7 10. Qe2 h6 11. Nf1 a5 12. Ng3 a4 13. Bc2 b5 14. h3 a3 15. b3 Qc7 16. Nh4 Bf8 17. Ngf5 Kh7 18. g4 g6 19. Ng3 Ng8 20. Ng2 Bg7 21. h4 dxe4 22. dxe4 Rad8 23. h5 Qd6 24. Be3 Qe7 25. Rad1 Ndf6 26. f3 Rxd1 27. Rxd1 Rd8 28. Rxd8 Qxd8 29. hxg6+ fxg6 30. Bc5 Bf8 31. Bxf8 Qxf8 32. Qe3 Nd7 33. Kf2 Bxg4 34. Ke2 Be6 35. f4 exf4 36. Nxf4 Bg4+ 37. Kd2 Ne5 38. Qa7+ Kh8 39. Ke3 Qd6 40. Qd4 Qxd4+ 41. Kxd4 Nf3+ 42. Kc5 g5 43. Ng6+ Kg7 44. e5 Ne1 45. Bb1 h5 46. Kxc6 h4 47. Ne4 Kxg6 48. Nf2+ Bf5 49. Bxf5+ Kxf5 50. Kxb5 g4 51. c4 g3 52. Nh3 Kxe5 53. c5 Ne7 0-1


[Site "https://www.chess.com"]

[Event "Titled Tuesday Blitz June 28 Late 2022"]
[White "Kim, Sergey"]
[Black "Bortnyk, Mykola"]
[WhiteFideId "13700570"]
[BlackFideId "14120836"]
[WhiteElo "2593"]
[BlackElo "2582"]
[Result "0-1"]
[Round "02"]
[TimeControl "180+1"]
[Date "2022.06.28"]
[WhiteClock "0:01:45"]
[BlackClock "0:01:33"]

1. d4 d6 2. c4 e5 3. Nf3 exd4 4. Nxd4 Nf6 5. Nc3 Nc6 6. Nxc6 bxc6 7. g3 Bd7 8. Bg2 Be7 9. O-O O-O 10. b3 Qc8 11. Re1 Rb8 12. Bb2 Re8 13. e4 Bh3 14. Bh1 Nd7 15. Qc2 Bf6 16. Rad1 Nc5 17. Ne2 Bxb2 18. Qxb2 Nxe4 19. Nf4 Bf5 20. Qd4 c5 21. Qd5 Nc3 22. Qd2 Nxd1 23. Rxd1 Be4 24. Bxe4 Rxe4 25. Nd5 Qg4 26. Nxc7 Rd4 0-1


[Site "https://www.chess.com"]

[Event "Titled Tuesday Blitz June 28 Late 2022"]
[White "Koellner, Ruben Gideon"]
[Black "Steinberg, Nitzan"]
[WhiteFideId "12993093"]
[BlackFideId "2801795"]
[WhiteElo "2582"]
[BlackElo "2471"]
[Result "0-1"]
[Round "02"]
[TimeControl "180+1"]
[Date "2022.06.28"]
[WhiteClock "0:00:26"]
[BlackClock "0:00:39"]

1. d4 g6 2. Nf3 Bg7 3. Nbd2 d5 4. e3 c5 5. dxc5 Nc6 6. a3 a5 7. Bb5 Nf6 8. O-O O-O 9. Rb1 Re8 10. c4 Bf5 11. Ra1 e5 12. cxd5 Qxd5 13. e4 Nxe4 14. Nxe4 Bxe4 15. Qxd5 Bxd5 16. Rd1 Bb3 17. Rd3 a4 18. Nd2 Red8 19. Nxb3 Rxd3 20. Bxd3 axb3 21. Bc4 Na5 22. Bb5 Rd8 23. Be3 f5 24. g3 e4 25. Rb1 Kf7 26. Kf1 Ke6 27. Ke2 Rd5 0-1


[Site "https://www.chess.com"]

[Event "Titled Tuesday Blitz June 28 Late 2022"]
[White "Kostiukov, Alexandr"]
[Black "Preotu, Razvan"]
[WhiteFideId "14108100"]
[BlackFideId "2613280"]
[WhiteElo "2408"]
[BlackElo "2707"]
[Result "0-1"]
[Round "02"]
[TimeControl "180+1"]
[Date "2022.06.29"]
[WhiteClock "0:00:02"]
[BlackClock "0:00:15"]

1. g3 c5 2. Bg2 Nc6 3. c4 g6 4. Nf3 Bg7 5. O-O e5 6. Nc3 d6 7. Ne1 Be6 8. Nd5 Nge7 9. Nc2 O-O 10. Nce3 Rb8 11. d3 a6 12. Nxe7+ Nxe7 13. b3 f5 14. Bb2 Rf7 15. a4 f4 16. Nd5 Nxd5 17. cxd5 Bg4 18. Be4 Bh3 19. Re1 Qg5 20. Qd2 Rbf8 21. Rf1 h5 22. Kh1 h4 23. gxh4 Qxh4 24. f3 Bxf1 25. Rxf1 g5 26. Rg1 Bf6 27. Rg4 Qf2 28. Rg2 Qf1+ 29. Rg1 Qh3 30. Qe1 Rg7 31. Qf2 g4 32. fxg4 Rxg4 33. Bf5 Bh4 34. Bxg4 Bxf2 35. Bxh3+ Bxg1 36. Kxg1 Kf7 37. Kf2 Rh8 38. Be6+ Ke7 39. Kg2 b5 40. a5 b4 41. Bc1 Rb8 42. h4 Rb5 43. h5 Kf6 44. Bg4 Rxa5 45. Bf3 Ra1 46. Bd2 Rb1 0-1


[Site "https://www.chess.com"]

[Event "Titled Tuesday Blitz June 28 Late 2022"]
[White "Kovacevic, Radmila"]
[Black "Vovk, Orest"]
[WhiteFideId "933171"]
[BlackFideId "14113490"]
[WhiteElo "2115"]
[BlackElo "2203"]
[Result "0-1"]
[Round "02"]
[TimeControl "180+1"]
[Date "2022.06.29"]
[WhiteClock "0:00:15"]
[BlackClock "0:01:49"]

1. e4 g5 2. d4 g4 3. Nc3 Bg7 4. d5 Bxc3+ 5. bxc3 d6 6. Qd4 Nf6 7. Bg5 Nbd7 8. h3 Rg8 9. Bh4 c5 10. Qe3 Qa5 11. Ne2 Ne5 12. f4 gxf3 13. gxf3 Qa4 14. Rc1 Qa3 15. Kf2 Qa4 16. Qf4 Nh5 17. Qh6 Nf6 0-1


[Site "https://www.chess.com"]

[Event "Titled Tuesday Blitz June 28 Late 2022"]
[White "Ladan, Nicholas"]
[Black "Prieto Aranguren, Alain"]
[WhiteFideId "30918855"]
[BlackFideId "2268906"]
[WhiteElo "2167"]
[BlackElo "2224"]
[Result "0-1"]
[Round "02"]
[TimeControl "180+1"]
[Date "2022.06.29"]
[WhiteClock "0:00:04"]
[BlackClock "0:00:05"]

1. d4 d5 2. Bf4 Nf6 3. e3 e6 4. Nf3 c5 5. c3 Nc6 6. Nbd2 Be7 7. Bd3 O-O 8. O-O b6 9. Qe2 Bb7 10. Rad1 Rc8 11. e4 cxd4 12. e5 Nh5 13. Bg3 Nxg3 14. hxg3 dxc3 15. bxc3 Na5 16. c4 Qc7 17. cxd5 Bxd5 18. Ne4 Bc4 19. Nd6 Bxd3 20. Rxd3 Rcd8 21. Rfd1 Nb7 22. Qd2 Nc5 23. Rd4 Qc6 24. Ng5 f6 25. exf6 Bxf6 26. Rg4 Nb7 27. Nxe6 Rxd6 28. Nxf8 Rxd2 29. Rxd2 Qc1+ 30. Kh2 Qxd2 31. Ne6 Qd7 32. Re4 Qd5 33. Re2 Nc5 34. Nf4 Qd8 35. g4 a5 36. g3 a4 37. Nh5 Bc3 38. Re3 Bf6 39. Nf4 b5 40. Rf3 b4 41. Nh5 b3 42. axb3 axb3 43. Rf5 b2 44. Rxc5 b1=Q 45. Nxf6+ gxf6 46. Rf5 Qdd1 47. Rf4 Qh1# 0-1


[Site "https://www.chess.com"]

[Event "Titled Tuesday Blitz June 28 Late 2022"]
[White "Le Hetet, Nicolas"]
[Black "Voege, Tobias"]
[WhiteFideId "634824"]
[BlackFideId "1270513"]
[WhiteElo "2314"]
[BlackElo "2379"]
[Result "0-1"]
[Round "02"]
[TimeControl "180+1"]
[Date "2022.06.29"]
[WhiteClock "0:00:38"]
[BlackClock "0:00:57"]

1. e4 e6 2. d4 d5 3. e5 c5 4. c3 Nc6 5. Nf3 Bd7 6. Be2 Qb6 7. O-O f6 8. Na3 Nge7 9. Nc2 fxe5 10. Nxe5 Nxe5 11. dxe5 Ng6 12. Bh5 Be7 13. f4 O-O 14. Be3 Nh4 15. b4 Bb5 16. Re1 Nf5 17. Bf2 Qc7 18. a4 Be8 19. Bf3 Rd8 20. Rb1 Bxa4 21. Qd2 Bxc2 22. Qxc2 cxb4 23. Qa4 a5 24. cxb4 Bxb4 25. Rec1 Qd7 26. Bb6 Qxa4 0-1


[Site "https://www.chess.com"]

[Event "Titled Tuesday Blitz June 28 Late 2022"]
[White "Livaic, Leon"]
[Black "Meissner, Felix"]
[WhiteFideId "14531534"]
[BlackFideId "24671827"]
[WhiteElo "2540"]
[BlackElo "2350"]
[Result "1-0"]
[Round "02"]
[TimeControl "180+1"]
[Date "2022.06.28"]
[WhiteClock "0:02:02"]
[BlackClock "0:02:22"]

1. d4 g6 2. e4 c6 3. c4 d5 4. cxd5 cxd5 5. e5 Nc6 6. Nc3 h5 7. Be3 Nh6 8. Nf3 Bg4 9. Qb3 Bxf3 10. gxf3 Qd7 11. Qxd5 e6 12. Qxd7+ Kxd7 13. d5 Nxe5 14. Bb5+ Kc7 15. dxe6 fxe6 16. Rc1 Bb4 17. Ke2 Kb8 18. a3 Ba5 19. Ne4 Rd8 20. Bxh6 1-0


[Site "https://www.chess.com"]

[Event "Titled Tuesday Blitz June 28 Late 2022"]
[White "Lopez Gracia, Fernando"]
[Black "Tinmaz, Kerem"]
[WhiteFideId "2207184"]
[BlackFideId "44559151"]
[WhiteElo "2439"]
[BlackElo "1443"]
[Result "1-0"]
[Round "02"]
[TimeControl "180+1"]
[Date "2022.06.29"]
[WhiteClock "0:01:12"]
[BlackClock "0:00:02"]

1. c4 c5 2. Nf3 Nc6 3. d4 cxd4 4. Nxd4 g6 5. e4 Bg7 6. Be3 d6 7. Nc3 Nf6 8. Be2 O-O 9. O-O Bd7 10. h3 a6 11. Nc2 Rc8 12. Qd2 Qa5 13. Rab1 Ne5 14. b3 b5 15. Nd5 Qd8 16. Nxf6+ Bxf6 17. cxb5 axb5 18. Bh6 Bg7 19. Bxg7 Kxg7 20. Nd4 Qb6 21. Kh2 b4 22. Rfc1 Nc6 23. Nxc6 Bxc6 24. f3 h5 25. Rc4 Rb8 26. a3 bxa3 27. Qc3+ Kg8 28. Rxc6 Qf2 29. Qc2 h4 30. Ra1 Ra8 31. Bf1 Qg3+ 32. Kh1 Qe5 33. Qc3 Qg3 34. b4 Qf2 35. Qc2 Qd4 36. Qc3 Qf2 37. Bc4 1-0


[Site "https://www.chess.com"]

[Event "Titled Tuesday Blitz June 28 Late 2022"]
[White "Lucas, Arthur"]
[Black "Clawitter, Craig"]
[WhiteFideId "26093073"]
[BlackFideId "2023105"]
[WhiteElo "2129"]
[BlackElo "2226"]
[Result "0-1"]
[Round "02"]
[TimeControl "180+1"]
[Date "2022.06.29"]
[WhiteClock "0:00:01"]
[BlackClock "0:00:01"]

1. Nf3 Nf6 2. b3 g6 3. Bb2 Bg7 4. g3 O-O 5. Bg2 c5 6. O-O Nc6 7. d3 d6 8. e4 Rb8 9. Nbd2 b5 10. Nh4 Ne8 11. Bxg7 Nxg7 12. f4 b4 13. e5 Nd4 14. Ndf3 Ngf5 15. Nxf5 Bxf5 16. Nh4 dxe5 17. fxe5 Be6 18. Qd2 Qd7 19. Rae1 a5 20. Rf2 a4 21. Qh6 Bd5 22. Bxd5 Qxd5 23. Re4 axb3 24. axb3 Ra8 25. h3 Ra1+ 26. Kh2 Ra2 27. e6 Rxc2 28. exf7+ Rxf7 29. Rxc2 Nxc2 30. Qd2 Nd4 31. Qe3 Qxb3 32. Rxe7 Qc2+ 33. Ng2 Nf3+ 34. Kh1 Qd1+ 35. Ne1 Nxe1 36. Qxe1 Qxe1+ 37. Rxe1 Rf3 38. Re8+ Kf7 39. Rc8 Rxd3 40. Rxc5 b3 41. Kg2 b2 42. Rb5 Rd2+ 43. Kf3 Rc2 44. g4 h6 45. h4 Kf6 46. g5+ hxg5 47. hxg5+ Ke6 48. Ke4 Re2+ 49. Kd3 Rg2 50. Ke4 Rxg5 0-1


[Site "https://www.chess.com"]

[Event "Titled Tuesday Blitz June 28 Late 2022"]
[White "Makarian, Rudik"]
[Black "Popilski, Gil"]
[WhiteFideId "44105681"]
[BlackFideId "2809060"]
[WhiteElo "2398"]
[BlackElo "2537"]
[Result "1-0"]
[Round "02"]
[TimeControl "180+1"]
[Date "2022.06.28"]
[WhiteClock "0:00:14"]
[BlackClock "0:00:07"]

1. d3 e5 2. e4 Nc6 3. Nf3 Nf6 4. Be2 d5 5. Nbd2 Bc5 6. c3 a5 7. O-O O-O 8. Qc2 a4 9. Rb1 Be6 10. b4 axb3 11. axb3 d4 12. b4 Ra2 13. Rb2 Rxb2 14. Bxb2 dxc3 15. bxc5 cxb2 16. Qxb2 Qe7 17. Nxe5 Qxc5 18. Nxc6 Qxc6 19. Rc1 Qb6 20. Qxb6 cxb6 21. d4 Ra8 22. d5 Bd7 23. Kf1 b5 24. f3 Ra2 25. Ke1 Kf8 26. Rb1 Ra5 27. Nb3 Ra2 28. Nc5 Be8 29. Nxb7 Ke7 30. Nc5 Kd6 31. Nd3 Nd7 32. Rxb5 f5 33. exf5 Nf6 34. Rb6+ Kc7 35. Re6 Bb5 36. d6+ Kd8 37. Nc5 Ra1+ 38. Kf2 Ra2 39. g4 h6 40. h4 Nd5 41. d7 Bxd7 42. Rd6 Nf4 43. Rxd7+ Ke8 44. Rxg7 Rxe2+ 45. Kg3 Nd5 46. Ne4 Kf8 47. Ra7 h5 48. g5 Re1 49. f6 Rg1+ 50. Kf2 Rh1 51. g6 Rxh4 52. Ra8# 1-0


[Site "https://www.chess.com"]

[Event "Titled Tuesday Blitz June 28 Late 2022"]
[White "Maksimovic, Bojan"]
[Black "Dauner, Benedikt"]
[WhiteFideId "14408120"]
[BlackFideId "16225899"]
[WhiteElo "2453"]
[BlackElo "2230"]
[Result "1/2-1/2"]
[Round "02"]
[TimeControl "180+1"]
[Date "2022.06.28"]
[WhiteClock "0:00:04"]
[BlackClock "0:00:04"]

1. Nf3 c5 2. g3 b6 3. Bg2 Bb7 4. O-O g6 5. c4 Bg7 6. Nc3 Nf6 7. d4 cxd4 8. Nxd4 Bxg2 9. Kxg2 Qc8 10. b3 Nc6 11. Bb2 O-O 12. Kg1 Qb7 13. Nxc6 dxc6 14. Qc2 Rad8 15. Rad1 Qc7 16. Kg2 Rxd1 17. Rxd1 Rd8 18. Rd3 Rxd3 19. Qxd3 Qd7 20. Qxd7 Nxd7 21. Kf1 Nc5 22. Ke1 Ne4 23. Nxe4 Bxb2 24. Kd2 h6 25. Kd3 f5 26. Nd2 c5 27. Kc2 Bd4 28. e3 Bf6 29. a3 Kf7 30. b4 Ke6 31. bxc5 bxc5 32. Kb3 Kd6 33. Ka4 Kc6 34. Kb3 e5 35. e4 f4 36. Kc3 g5 37. h3 Kd6 38. Kb3 Kc6 39. Ka4 h5 40. g4 hxg4 41. hxg4 Kb6 42. Nb1 Bd8 43. Nc3 a6 44. Nd5+ Kc6 45. Kb3 Kd6 46. Nc3 Kc6 47. Ka4 Kd6 48. Ne2 Kc6 49. Ng1 Kd6 50. Nf3 Ke6 51. Ng1 Kd6 52. f3 Kc6 53. Nh3 Kd6 54. Nxg5 Bxg5 55. Ka5 Kc6 56. Kxa6 Bd8 57. Ka7 Kc7 58. a4 Be7 59. Ka6 Kc6 60. Ka5 Bd8+ 61. Ka6 Bg5 62. Ka5 Bh4 63. Ka6 Bd8 64. Ka7 Bb6+ 65. Kb8 Bd8 66. Kc8 Bg5 67. a5 Be7 68. Kb8 Bd6+ 69. Kc8 Be7 70. a6 Kb6 71. Kd7 Bh4 72. Ke6 Kxa6 73. Kxe5 Ka5 74. Kd5 Kb4 75. e5 Be7 76. e6 Bf6 77. Kd6 Kxc4 78. e7 Bxe7+ 79. Kxe7 Kd3 80. g5 c4 81. g6 c3 82. g7 c2 83. g8=Q c1=Q 84. Qd5+ Ke2 85. Kf6 Qe3 86. Kf5 Qxf3 87. Qc4+ Kf2 88. Qxf4 Ke2 89. Ke5 Qe3+ 90. Qe4 Qxe4+ 91. Kxe4 1/2-1/2


[Site "https://www.chess.com"]

[Event "Titled Tuesday Blitz June 28 Late 2022"]
[White "Mangialardo, Tiago Carvalho"]
[Black "Nilsson, Joakim"]
[WhiteFideId "2130718"]
[BlackFideId "1723383"]
[WhiteElo "2074"]
[BlackElo "2210"]
[Result "0-1"]
[Round "02"]
[TimeControl "180+1"]
[Date "2022.06.29"]
[WhiteClock "0:00:57"]
[BlackClock "0:01:54"]

1. e4 c5 2. Nf3 d6 3. d4 cxd4 4. Nxd4 Nf6 5. Nc3 a6 6. Be3 e5 7. Nb3 Be6 8. Qd2 Be7 9. Be2 Nbd7 10. f4 exf4 11. Bxf4 Ne5 12. O-O-O Qc7 13. Nd5 Bxd5 14. exd5 Nfd7 15. Nd4 O-O 16. Nf5 Bf6 17. Bg5 Rac8 18. c3 Rfe8 19. Bxf6 Nxf6 20. Qg5 Ng6 21. h4 Rxe2 22. h5 Ne4 23. Qg4 Nxc3 0-1


[Site "https://www.chess.com"]

[Event "Titled Tuesday Blitz June 28 Late 2022"]
[White "Manukian, Artak"]
[Black "Riehle, Marco"]
[WhiteFideId "13301373"]
[BlackFideId "12904392"]
[WhiteElo "2476"]
[BlackElo "2462"]
[Result "0-1"]
[Round "02"]
[TimeControl "180+1"]
[Date "2022.06.29"]
[WhiteClock "0:00:48"]
[BlackClock "0:01:13"]

1. e4 e5 2. Nf3 Nf6 3. Nxe5 Nxe4 4. Qe2 Qe7 5. Qxe4 d6 6. f4 dxe5 7. Qxe5 Qxe5+ 8. fxe5 Bf5 9. Bb5+ Nd7 10. Bxd7+ Kxd7 11. d3 Bc5 12. Bf4 Rhe8 13. Kd2 Bd4 14. Nc3 Bxe5 15. Bxe5 Rxe5 16. Rae1 Rxe1 17. Rxe1 Be6 18. a3 h6 19. g3 b6 20. d4 c6 21. Ne2 g5 22. b3 a5 23. a4 h5 24. c4 Rh8 25. Nc3 h4 26. Ne4 hxg3 27. hxg3 g4 28. Ke3 Rh2 29. Kf4 Kc7 30. Re3 Rb2 31. Ng5 Rf2+ 32. Ke5 Rf5+ 0-1


[Site "https://www.chess.com"]

[Event "Titled Tuesday Blitz June 28 Late 2022"]
[White "Martinez Alcantara, Jose Eduardo"]
[Black "Saveliev, Alexei"]
[WhiteFideId "3805662"]
[BlackFideId "24128546"]
[WhiteElo "2703"]
[BlackElo "2281"]
[Result "1-0"]
[Round "02"]
[TimeControl "180+1"]
[Date "2022.06.28"]
[WhiteClock "0:00:43"]
[BlackClock "0:00:03"]

1. e4 g6 2. d4 Bg7 3. c3 d6 4. Bd3 Nc6 5. Nf3 e5 6. Be3 Nf6 7. Nbd2 Ng4 8. Bg5 f6 9. Bh4 g5 10. Bg3 h5 11. h4 Qe7 12. O-O Bd7 13. Qb3 O-O-O 14. Qa3 f5 15. exf5 exd4 16. Rae1 Qf8 17. Nxg5 Bxf5 18. Bb5 dxc3 19. bxc3 Be5 20. Bxc6 bxc6 21. Qa6+ Kd7 22. Ndf3 Bxg3 23. fxg3 Re8 24. Nd4 Rxe1 25. Qxc6+ Kc8 26. Rxe1 Qf6 27. Qa6+ Kd7 28. Qb5+ Kc8 29. Qxf5+ Qxf5 30. Nxf5 Rf8 31. Ng7 Rf2 32. Nxh5 Rxa2 33. Nf4 a5 34. Nf3 a4 35. Nh2 Ne5 36. Nf3 Ng4 37. h5 a3 38. Nh2 Ne5 39. h6 Rb2 40. h7 Nf7 41. Nf1 a2 42. Ra1 Kd7 43. Nd3 Rc2 44. Nb4 Rb2 45. Rxa2 Rb1 46. Rf2 Nh8 47. Nd5 Ke6 48. Nxc7+ Ke7 49. Nd5+ Ke6 50. Nf4+ Kf6 51. Re2 Kg7 52. Re7+ Kf6 53. Ra7 Rc1 54. Nd5+ Kg6 55. Ne3 Kf6 56. Ra6 Ke5 57. g4 Kf6 58. Rxd6+ Kg5 59. Rd1 Rxc3 60. Rd8 Nf7 61. Rg8+ Kh6 62. h8=Q+ Nxh8 63. Rxh8+ Kg5 64. Rh5+ Kg6 65. Nd5 Ra3 66. Nf4+ Kf6 67. Rf5+ Kg7 68. g5 Ra1 69. Rf6 Kh7 70. Rf7+ Kg8 71. g6 Kh8 72. Nh5 Ra8 73. Rh7+ Kg8 74. Nf6+ Kf8 75. Rf7# 1-0


[Site "https://www.chess.com"]

[Event "Titled Tuesday Blitz June 28 Late 2022"]
[White "Martinez, Shawn"]
[Black "Korchmar, Vasiliy"]
[WhiteFideId "2039770"]
[BlackFideId "24131750"]
[WhiteElo "2339"]
[BlackElo "2697"]
[Result "0-1"]
[Round "02"]
[TimeControl "180+1"]
[Date "2022.06.29"]
[WhiteClock "0:00:01"]
[BlackClock "0:00:09"]

1. e4 c5 2. Nc3 d6 3. Bb5+ Nd7 4. f4 e6 5. Nf3 Nf6 6. O-O a6 7. Bxd7+ Bxd7 8. d4 cxd4 9. Nxd4 Qc7 10. f5 Be7 11. Qd3 O-O 12. Bg5 b5 13. a3 Rab8 14. h3 a5 15. b4 Rfc8 16. Rf3 h6 17. Bh4 Qa7 18. Bf2 Qa8 19. fxe6 fxe6 20. Rb1 axb4 21. axb4 Rxc3 22. Qxc3 Nxe4 23. Qe3 Bg5 24. Qd3 Nd2 25. Re1 Nxf3+ 26. Nxf3 Be7 27. Bg3 Qc6 28. Rd1 Rd8 29. Nd4 Qc4 30. Nb3 Qxd3 31. Rxd3 Bc6 32. Na5 Bd5 33. Bf2 Rc8 34. c3 Bf6 35. Bd4 Bd8 36. g4 Ra8 37. Kf2 Bxa5 38. bxa5 Rxa5 39. Kg3 Ra2 40. Re3 Rg2+ 41. Kh4 e5 42. Bb6 g5+ 43. Kh5 Kh7 44. Rxe5 Bf7# 0-1


[Site "https://www.chess.com"]

[Event "Titled Tuesday Blitz June 28 Late 2022"]
[White "Matlakov, Maxim"]
[Black "Plazuelo Pascual, Juan"]
[WhiteFideId "4168003"]
[BlackFideId "32059566"]
[WhiteElo "2669"]
[BlackElo "2359"]
[Result "1-0"]
[Round "02"]
[TimeControl "180+1"]
[Date "2022.06.28"]
[WhiteClock "0:01:00"]
[BlackClock "0:00:11"]

1. d4 Nf6 2. Nf3 e6 3. Bg5 d5 4. Nbd2 h6 5. Bxf6 Qxf6 6. e4 Qd8 7. Bd3 c5 8. exd5 Qxd5 9. Be4 Qd8 10. dxc5 Bxc5 11. Nb3 Qxd1+ 12. Rxd1 Be7 13. O-O Nc6 14. Bxc6+ bxc6 15. Ne5 O-O 16. Nxc6 Bf6 17. c3 a5 18. Nbxa5 Ba6 19. Rfe1 Bb5 20. Rd6 Bxc6 21. Nxc6 Rxa2 22. Rb1 Rfa8 23. g3 R8a6 24. Rbd1 Kh7 25. R1d2 Bxc3 26. bxc3 Rxd2 27. Rxd2 Rxc6 28. Rc2 Kg6 29. f3 Kf5 30. Kf2 Ke5 31. Ke3 Kd5 32. Kd3 Kc5 33. Ra2 Rd6+ 34. Ke3 Rd7 35. Ra4 g6 36. h4 e5 37. Ke4 f6 38. Ra6 Rf7 39. g4 Kc4 40. Rc6+ Kb5 41. Kd5 h5 42. c4+ Kb4 43. gxh5 gxh5 44. Ke6 Rf8 45. Kf5 Rg8 46. Rxf6 Kxc4 47. Kxe5 Rg3 48. Kf4 Rg8 49. Rf5 Kd4 50. Rxh5 Rf8+ 51. Rf5 Rh8 52. h5 Rg8 53. h6 Rg1 54. Rh5 1-0


[Site "https://www.chess.com"]

[Event "Titled Tuesday Blitz June 28 Late 2022"]
[White "Mekhane, Adam"]
[Black "Bongo Akanga Ndjila, Barthelemy"]
[WhiteFideId "36050601"]
[BlackFideId "10609431"]
[WhiteElo "2002"]
[BlackElo "1768"]
[Result "1-0"]
[Round "02"]
[TimeControl "180+1"]
[Date "2022.06.29"]
[WhiteClock "0:00:12"]
[BlackClock "0:00:02"]

1. e4 c6 2. Nf3 d5 3. d3 Qc7 4. g3 e5 5. Bg2 Nf6 6. O-O Bg4 7. Re1 Nbd7 8. h3 Bh5 9. exd5 cxd5 10. Bf4 Bd6 11. g4 Bg6 12. Nc3 a6 13. Qe2 O-O 14. Nxe5 Rfe8 15. d4 Qb6 16. Qd2 Bb4 17. a3 Bxc3 18. Qxc3 Rac8 19. Nxd7 Nxd7 20. Rxe8+ Rxe8 21. Bxd5 Nf6 22. Bf3 Ne4 23. Qb4 Qf6 24. Bxe4 Qxf4 25. Bg2 Bxc2 26. Qxb7 Qxd4 27. Bd5 Bg6 28. Rc1 h5 29. Bf3 hxg4 30. hxg4 Qd2 31. Rc8 Qe1+ 32. Kg2 Rxc8 33. Qxc8+ Kh7 34. Qc3 Qe6 35. b4 Be4 36. Qe3 Bxf3+ 37. Qxf3 1-0


[Site "https://www.chess.com"]

[Event "Titled Tuesday Blitz June 28 Late 2022"]
[White "Mendez Fortes, Eduardo Jesus"]
[Black "Fawole, John Oyeyemi"]
[WhiteFideId "3502376"]
[BlackFideId "8501319"]
[WhiteElo "2321"]
[BlackElo "2091"]
[Result "1-0"]
[Round "02"]
[TimeControl "180+1"]
[Date "2022.06.29"]
[WhiteClock "0:02:00"]
[BlackClock "0:01:54"]

1. e4 c5 2. Nf3 d6 3. d4 cxd4 4. Nxd4 Nf6 5. Nc3 a5 6. Bg5 e6 7. f4 Be7 8. Qf3 O-O 9. O-O-O Qb6 10. g4 Nc6 11. Ndb5 d5 12. exd5 exd5 13. Bxf6 Bxf6 14. Nxd5 Qc5 15. Nxf6+ gxf6 16. Rd5 Qe7 17. Bd3 Nb4 18. Rh5 Nxd3+ 19. Qxd3 f5 20. gxf5 Qf6 21. Rg1+ Kh8 22. Qh3 1-0


[Site "https://www.chess.com"]

[Event "Titled Tuesday Blitz June 28 Late 2022"]
[White "Mendonca, Mateus Nakajo"]
[Black "Lashkin, Jegor"]
[WhiteFideId "2110954"]
[BlackFideId "13907808"]
[WhiteElo "2185"]
[BlackElo "2368"]
[Result "0-1"]
[Round "02"]
[TimeControl "180+1"]
[Date "2022.06.28"]
[WhiteClock "0:00:10"]
[BlackClock "0:00:03"]

1. d4 Nf6 2. Nf3 d5 3. c4 e6 4. g3 dxc4 5. Bg2 c6 6. O-O b5 7. b3 cxb3 8. Qxb3 Be7 9. Bb2 O-O 10. a4 b4 11. a5 Bb7 12. Ne5 Nd5 13. Nd2 Na6 14. Rfc1 Rc8 15. Ne4 c5 16. Nd3 cxd4 17. Rxc8 Qxc8 18. Bxd4 Qa8 19. Qb2 Nc3 20. Bxc3 bxc3 21. Nf6+ Bxf6 22. Qxb7 Qxb7 23. Bxb7 Nc7 24. e4 Bd4 25. Nb4 Nb5 26. Nc6 e5 27. Kf1 Nd6 28. a6 Re8 29. f3 f5 30. Ke2 fxe4 31. fxe4 Nxe4 32. Kd3 Nc5+ 33. Kc4 Ne6 34. Rf1 g6 35. Nb4 Kg7 36. Nd5 Nc5 37. Nxc3 Re7 38. Nd5 Rf7 39. Rb1 Ne4 40. Kd3 Nc5+ 41. Kc4 Ne4 42. Kd3 Nd6 43. Ne3 Bb6 0-1


[Site "https://www.chess.com"]

[Event "Titled Tuesday Blitz June 28 Late 2022"]
[White "Mickiewicz, Piotr"]
[Black "Nathan, Nitish"]
[WhiteFideId "1114891"]
[BlackFideId "30927870"]
[WhiteElo "2209"]
[BlackElo "2246"]
[Result "1-0"]
[Round "02"]
[TimeControl "180+1"]
[Date "2022.06.29"]
[WhiteClock "0:00:09"]
[BlackClock "0:01:09"]

1. e4 c5 2. Nf3 Nc6 3. d4 cxd4 4. Nxd4 e5 5. Nb5 d6 6. c4 Be7 7. N1c3 a6 8. Na3 f5 9. g3 Nf6 10. Bg2 O-O 11. O-O f4 12. gxf4 exf4 13. Bxf4 Nxe4 14. Qd5+ Kh8 15. Qxe4 Bf5 16. Qe3 Bf6 17. Rad1 Qd7 18. Rxd6 Qf7 19. Bd5 Qg6+ 20. Qg3 Qh5 21. Bf3 Qf7 22. Rfd1 Be7 23. Bd5 Qh5 24. Bxc6 Bxd6 25. Bxd6 Rf6 26. Bf3 Qe8 27. Qe5 Qg6+ 28. Kh1 Re8 29. Rg1 Qf7 30. Qd5 Be6 31. Qd4 Rxf3 32. Be5 Rg8 33. Ne4 Rh3 34. Ng5 Qf5 35. Nxh3 Qxh3 36. Bxg7+ Rxg7 37. Qxg7# 1-0


[Site "https://www.chess.com"]

[Event "Titled Tuesday Blitz June 28 Late 2022"]
[White "Navarrete Mendez, Gonzalo Alberto"]
[Black "Oparin, Grigoriy"]
[WhiteFideId "5106850"]
[BlackFideId "24125890"]
[WhiteElo "2261"]
[BlackElo "2639"]
[Result "0-1"]
[Round "02"]
[TimeControl "180+1"]
[Date "2022.06.28"]
[WhiteClock "0:00:06"]
[BlackClock "0:00:11"]

1. e4 c6 2. Nc3 d5 3. Nf3 dxe4 4. Nxe4 Nf6 5. Qe2 Nxe4 6. Qxe4 Nd7 7. Bc4 Nf6 8. Ne5 e6 9. Qe2 Qc7 10. d4 b5 11. Bd3 a6 12. O-O Bb7 13. Bg5 c5 14. dxc5 Bxc5 15. Rae1 h6 16. Bh4 Bd6 17. f4 O-O-O 18. a4 b4 19. Bf2 Nd5 20. Bxa6 f6 21. Bxb7+ Qxb7 22. Qc4+ Bc7 23. Nc6 Rd6 24. Nd4 Nxf4 25. Nf3 Rc6 26. Qe4 f5 27. Qd4 Rxc2 28. Qxg7 Rd8 29. Re5 Bxe5 30. Qxe5 Qe4 31. Qb5 Rg8 32. Qa6+ Qb7 33. Qxb7+ Kxb7 34. Bg3 Nxg2 35. Nd4 Rxb2 36. Nxe6 Ne3 37. Re1 Nd5 38. Nc5+ Kc6 39. Ne6 f4 40. Nd4+ Kb7 41. Re5 fxg3 42. hxg3 Rxg3+ 43. Kf1 Ne3+ 44. Rxe3 Rxe3 45. Nf5 Ra3 46. Nd6+ Ka8 47. Nc4 Ra1# 0-1


[Site "https://www.chess.com"]

[Event "Titled Tuesday Blitz June 28 Late 2022"]
[White "Novikova, Galina"]
[Black "Zivkovic, Nemanja"]
[WhiteFideId "4157095"]
[BlackFideId "942154"]
[WhiteElo "1863"]
[BlackElo "2372"]
[Result "1-0"]
[Round "02"]
[TimeControl "180+1"]
[Date "2022.06.29"]
[WhiteClock "0:01:31"]
[BlackClock "0:02:04"]

1. e4 c5 2. Nf3 d6 3. d4 cxd4 4. Nxd4 Nf6 5. Nc3 a6 6. h3 e6 7. g4 h6 8. Bg2 g5 9. Be3 Nbd7 10. Qe2 Ne5 11. O-O-O b5 12. f4 gxf4 13. Bxf4 Nfd7 14. Nf3 Qc7 15. Nxe5 Nxe5 16. Qf2 Bb7 17. Kb1 O-O-O 18. Bxe5 dxe5 19. Rxd8+ Kxd8 20. Qf6+ 1-0


[Site "https://www.chess.com"]